| TOP OF THE 1ST |
|
Amarillo ThunderHeads batting - Pitching for Joplin Blasters : RHP Mike Galvin
|
|
Pitching: RHP Mike Galvin
|
|
|
Batting: SHB Zack Barton
|
0-0: Ball 1-0: Called Strike 1-1: Ground out 5-3 (Groundball, 56, EV 106.9 MPH)
|
|
Batting: SHB Tim Rogers
|
0-0: Called Strike 0-1: Ground out 4-3 (Groundball, 4, EV 90.0 MPH)
|
|
Batting: RHB Bryan Wheeler
|
0-0: Swinging Strike 0-1: Called Strike 0-2: Ball 1-2: Foul Ball, location: 2F 1-2: Foul Ball, location: 2F 1-2: Foul Ball, location: 2F 1-2: Ball 2-2: Strikes out swinging
|
| Top of the 1st over - 0 runs, 0 hits, 0 errors, 0 left on base; Amarillo 0 - Joplin 0 |
| BOTTOM OF THE 1ST |
|
Joplin Blasters batting - Pitching for Amarillo ThunderHeads : RHP Torsten Fisher
|
|
Pitching: RHP Torsten Fisher
|
|
|
Batting: SHB Ryoji Hiraoka
|
0-0: Ball 1-0: Ball 2-0: Foul Ball, location: 2F 2-1: Called Strike 2-2: Ball 3-2: Strikes out swinging
|
|
Batting: LHB Josh Dalton
|
0-0: Ball 1-0: DOUBLE (Flyball, 78D, EV 105.0 MPH)
|
|
Batting: RHB Bobby Matyas
|
0-0: Ball 1-0: SINGLE (Groundball, 34D, EV 95.6 MPH) Josh Dalton to third Runner from 3rd tries for Home, SAFE, throw by RF to home Bobby Matyas to second
|
|
Batting: RHB Chance Argy
|
0-0: Swinging Strike Passed Ball! Bobby Matyas to third 0-1: Ball 1-1: Called Strike 1-2: Ball Wild Pitch! Bobby Matyas scores 2-2: Ball 3-2: Strikes out swinging
|
|
Batting: RHB Justin Goff
|
0-0: Called Strike 0-1: Ball 1-1: Foul Ball, location: 2F 1-2: Foul Ball, location: 2F 1-2: SINGLE (Line Drive, 89S, EV 86.3 MPH)
|
|
Batting: RHB Jason Birge
|
0-0: Ball 1-0: Called Strike 1-1: Ball Justin Goff steals 2nd base 2-1: Called Strike 2-2: Ground out 6-3 (Groundball, 6, EV 85.0 MPH)
|
| Bottom of the 1st over - 2 runs, 3 hits, 0 errors, 1 left on base; Amarillo 0 - Joplin 2 |
| TOP OF THE 2ND |
|
Amarillo ThunderHeads batting - Pitching for Joplin Blasters : RHP Mike Galvin
|
|
Batting: RHB Salvatore Zamora
|
0-0: Ball 1-0: Called Strike 1-1: Called Strike 1-2: Strikes out swinging
|
|
Batting: RHB Morgan Harding
|
0-0: Ball 1-0: SINGLE (Flyball, 5D, EV 95.0 MPH)
|
|
Batting: RHB Jerry Foster
|
0-0: Swinging Strike 0-1: Swinging Strike 0-2: Strikes out looking
|
|
Batting: RHB Bill Flannery
|
0-0: Ball 1-0: Called Strike 1-1: Swinging Strike 1-2: Strikes out swinging, 2-3 out at first.
|
| Top of the 2nd over - 0 runs, 1 hit, 0 errors, 1 left on base; Amarillo 0 - Joplin 2 |
| BOTTOM OF THE 2ND |
|
Joplin Blasters batting - Pitching for Amarillo ThunderHeads : RHP Torsten Fisher
|
|
Batting: RHB Chang-keun Baik
|
0-0: Called Strike 0-1: Hit by Pitch
|
|
Batting: LHB Mike Bhatti
|
0-0: Foul Ball, location: 2F 0-1: Swinging Strike 0-2: Strikes out swinging
|
|
Batting: LHB Danny Pacheco
|
0-0: Ball 1-0: Ball 2-0: Fly out, F5 (Popup, 56, EV 68.1 MPH)
|
|
Batting: SHB Ryoji Hiraoka
|
0-0: Called Strike 0-1: Ball 1-1: Ball Passed Ball! Chang-keun Baik to second 2-1: Fly out, F8 (Flyball, 8RD, EV 101.3 MPH)
|
| Bottom of the 2nd over - 0 runs, 0 hits, 0 errors, 1 left on base; Amarillo 0 - Joplin 2 |
| TOP OF THE 3RD |
|
Amarillo ThunderHeads batting - Pitching for Joplin Blasters : RHP Mike Galvin
|
|
Batting: RHB Luis Solorzano
|
0-0: Foul Ball, location: 2F 0-1: Ball 1-1: Called Strike 1-2: Ground out 6-3 (Groundball, 6, EV 91.9 MPH)
|
|
Batting: SHB Tyler Romo
|
0-0: Ball 1-0: SINGLE (Groundball, 34D, EV 106.3 MPH)
|
|
Batting: SHB Zack Barton
|
0-0: Ball 1-0: Ball 2-0: Fielders Choice at 2nd, 5-4 (Groundball, 56, EV 80.6 MPH)
|
|
Batting: SHB Tim Rogers
|
0-0: Ball 1-0: SINGLE (Line Drive, 9S, EV 98.8 MPH) Zack Barton to second
|
|
Batting: RHB Bryan Wheeler
|
0-0: Swinging Strike 0-1: DOUBLE (Line Drive, 89D, EV 103.1 MPH) Zack Barton scores Tim Rogers to third Runner from 3rd tries for Home, SAFE, throw by CF to home
|
|
Batting: RHB Salvatore Zamora
|
0-0: Foul Ball, location: 2F 0-1: Ball 1-1: Foul Ball, location: 2F 1-2: Foul Ball, location: 2F 1-2: Ball 2-2: Ball 3-2: Fly out, F8 (Flyball, 8RD, EV 103.8 MPH)
|
| Top of the 3rd over - 2 runs, 3 hits, 0 errors, 1 left on base; Amarillo 2 - Joplin 2 |
| BOTTOM OF THE 3RD |
|
Joplin Blasters batting - Pitching for Amarillo ThunderHeads : RHP Torsten Fisher
|
|
Batting: LHB Josh Dalton
|
0-0: Foul Ball, location: 2F 0-1: Ball 1-1: Ball 2-1: Swinging Strike 2-2: Foul Ball, location: 2F 2-2: Foul Ball, location: 2F 2-2: Strikes out swinging
|
|
Batting: RHB Bobby Matyas
|
0-0: Ball 1-0: Swinging Strike 1-1: Called Strike 1-2: Foul Ball, location: 2F 1-2: Ground out 4-3 (Groundball, 34D, EV 99.4 MPH)
|
|
Batting: RHB Chance Argy
|
0-0: Ball 1-0: Foul Ball, location: 2F 1-1: Ground out 6-3 (Groundball, 6, EV 81.9 MPH)
|
| Bottom of the 3rd over - 0 runs, 0 hits, 0 errors, 0 left on base; Amarillo 2 - Joplin 2 |
| TOP OF THE 4TH |
|
Amarillo ThunderHeads batting - Pitching for Joplin Blasters : RHP Mike Galvin
|
|
Batting: RHB Morgan Harding
|
0-0: Called Strike 0-1: Foul Ball, location: 2F 0-2: SINGLE (Flyball, 7S, EV 93.1 MPH)
|
|
Batting: RHB Jerry Foster
|
0-0: Swinging Strike 0-1: Swinging Strike 0-2: Ball 1-2: Ball 2-2: Fly out, F6 (Popup, 15S, EV 90.6 MPH)
|
|
Batting: RHB Bill Flannery
|
0-0: Ball Wild Pitch! Morgan Harding to second 1-0: Ball Wild Pitch! Morgan Harding to third 2-0: Called Strike 2-1: Foul Ball, location: 2F 2-2: Strikes out swinging
|
|
Batting: RHB Luis Solorzano
|
0-0: Swinging Strike 0-1: Ball 1-1: Ball 2-1: Called Strike 2-2: Strikes out swinging
|
| Top of the 4th over - 0 runs, 1 hit, 0 errors, 1 left on base; Amarillo 2 - Joplin 2 |
| BOTTOM OF THE 4TH |
|
Joplin Blasters batting - Pitching for Amarillo ThunderHeads : RHP Torsten Fisher
|
|
Batting: RHB Justin Goff
|
0-0: Ball 1-0: Ball 2-0: Swinging Strike 2-1: Swinging Strike 2-2: Ground out 6-3 (Groundball, 6, EV 87.5 MPH)
|
|
Batting: RHB Jason Birge
|
0-0: Ball 1-0: Called Strike 1-1: Foul Ball, location: 2F 1-2: Ground out 5-3 (Groundball, 56S, EV 69.4 MPH)
|
|
Batting: RHB Chang-keun Baik
|
0-0: Ball 1-0: Ball 2-0: Swinging Strike 2-1: Swinging Strike 2-2: Ball 3-2: Strikes out swinging
|
| Bottom of the 4th over - 0 runs, 0 hits, 0 errors, 0 left on base; Amarillo 2 - Joplin 2 |
| TOP OF THE 5TH |
|
Amarillo ThunderHeads batting - Pitching for Joplin Blasters : RHP Mike Galvin
|
|
Pitching: RHP John Barnett
|
|
|
Batting: SHB Tyler Romo
|
0-0: Foul Ball, location: 2F 0-1: Bunt missed! 0-2: Ball 1-2: Ball 2-2: Fly out, F7 (Flyball, 7LS, EV 93.1 MPH)
|
|
Batting: SHB Zack Barton
|
0-0: DOUBLE (Line Drive, 8LD, EV 89.4 MPH)
|
|
Pinch Runner at 2nd Kelly Cole:
|
|
|
Batting: SHB Tim Rogers
|
0-0: Called Strike 0-1: Ground out U3 (Groundball, 3, EV 102.5 MPH) Kelly Cole to third
|
|
Batting: RHB Bryan Wheeler
|
0-0: Called Strike 0-1: Fly out, F4 (Flyball, 34D, EV 76.3 MPH)
|
| Top of the 5th over - 0 runs, 1 hit, 0 errors, 1 left on base; Amarillo 2 - Joplin 2 |
| BOTTOM OF THE 5TH |
|
Joplin Blasters batting - Pitching for Amarillo ThunderHeads : RHP Torsten Fisher
|
|
Now in CF: Kelly Cole
|
|
|
Batting: LHB Mike Bhatti
|
0-0: DOUBLE (Line Drive, 7LM, EV 95.6 MPH)
|
|
Batting: LHB Danny Pacheco
|
0-0: Ball 1-0: Fly out, F2 (Popup, 2RF, EV 83.1 MPH)
|
|
Batting: SHB Ryoji Hiraoka
|
0-0: Called Strike 0-1: Ground out 4-3 (Groundball, 4, EV 107.5 MPH) Mike Bhatti to third
|
|
Batting: LHB Josh Dalton
|
0-0: Ball 1-0: Called Strike 1-1: Foul Ball, location: 2F 1-2: Ground out U3 (Groundball, 34S, EV 83.8 MPH)
|
| Bottom of the 5th over - 0 runs, 1 hit, 0 errors, 1 left on base; Amarillo 2 - Joplin 2 |
| TOP OF THE 6TH |
|
Amarillo ThunderHeads batting - Pitching for Joplin Blasters : RHP John Barnett
|
|
Batting: RHB Salvatore Zamora
|
0-0: Foul Ball, location: 2F 0-1: Ball 1-1: Foul Ball, location: 2F 1-2: Foul Ball, location: 2F 1-2: DOUBLE (Line Drive, 9D, EV 86.9 MPH)
|
|
Batting: RHB Morgan Harding
|
0-0: 2-RUN HOME RUN (Line Drive, 7D, EV 101.9 MPH), Distance : 393 ft
|
|
Batting: RHB Jerry Foster
|
0-0: Ball 1-0: Swinging Strike 1-1: Called Strike 1-2: Foul Ball, location: 2F 1-2: Strikes out looking
|
|
Pitching: RHP Gary Ackerman
|
|
|
Batting: RHB Bill Flannery
|
0-0: Ground out 3-1 (Groundball, 34S, EV 86.9 MPH)
|
|
Batting: RHB Luis Solorzano
|
0-0: Ball 1-0: Foul Ball, location: 2F 1-1: Swinging Strike 1-2: SINGLE (Groundball, 4D, EV 98.8 MPH)
|
|
Batting: SHB Tyler Romo
|
0-0: Ball 1-0: Swinging Strike 1-1: Called Strike Luis Solorzano steals 2nd base 1-2: Ball 2-2: Ball 3-2: Base on Balls
|
|
Batting: RHB Kelly Cole
|
0-0: Foul Ball, location: 2F 0-1: Ball 1-1: Ball 2-1: Foul Ball, location: 2F 2-2: Ball 3-2: Foul Ball, location: 2F 3-2: SINGLE (Groundball, 4MD, EV 103.8 MPH) Luis Solorzano to third Tyler Romo to second Luis Solorzano scores Tyler Romo to third
|
|
Batting: SHB Tim Rogers
|
0-0: Foul Ball, location: 2F 0-1: Called Strike 0-2: Strikes out looking
|
| Top of the 6th over - 3 runs, 4 hits, 0 errors, 2 left on base; Amarillo 5 - Joplin 2 |
| BOTTOM OF THE 6TH |
|
Joplin Blasters batting - Pitching for Amarillo ThunderHeads : RHP Torsten Fisher
|
|
Batting: RHB Bobby Matyas
|
0-0: Ball 1-0: Foul Ball, location: 2F 1-1: Foul Ball, location: 2F 1-2: Ball 2-2: Ball 3-2: Base on Balls
|
|
Batting: RHB Chance Argy
|
0-0: SINGLE (Groundball, 4MD, EV 103.1 MPH) Bobby Matyas to second
|
|
Batting: RHB Justin Goff
|
0-0: SINGLE (Line Drive, 89S, EV 98.8 MPH) Bobby Matyas to third Chance Argy to second
|
|
Batting: RHB Jason Birge
|
0-0: Called Strike 0-1: Foul Ball, location: 2F 0-2: SINGLE (Line Drive, 9LM, EV 89.4 MPH) Bobby Matyas scores Chance Argy to third Justin Goff to second
|
|
Batting: RHB Chang-keun Baik
|
0-0: Called Strike 0-1: Ball 1-1: Swinging Strike 1-2: Strikes out looking
|
|
Batting: LHB Mike Bhatti
|
0-0: Foul Ball, location: 2F 0-1: Foul Ball, location: 2F 0-2: SINGLE (Line Drive, 4D, EV 95.6 MPH) Chance Argy scores Justin Goff to third Jason Birge to second
|
|
Batting: LHB Danny Pacheco
|
0-0: Called Strike 0-1: Foul Ball, location: 2F 0-2: Ball 1-2: DOUBLE (Flyball, 89D, EV 110.6 MPH) Justin Goff scores Jason Birge scores Mike Bhatti to third
|
|
Pitching: RHP Bryan Bennett
|
|
|
Batting: SHB Ryoji Hiraoka
|
0-0: Ball 1-0: Called Strike 1-1: Ball 2-1: Swinging Strike 2-2: Foul Ball, location: 2F 2-2: Foul Ball, location: 2F 2-2: Strikes out swinging
|
|
Batting: LHB Josh Dalton
|
0-0: Ball Wild Pitch! Mike Bhatti scores Danny Pacheco to third 1-0: Fly out, F9 (Flyball, 9D, EV 92.5 MPH)
|
| Bottom of the 6th over - 5 runs, 5 hits, 0 errors, 1 left on base; Amarillo 5 - Joplin 7 |
| TOP OF THE 7TH |
|
Amarillo ThunderHeads batting - Pitching for Joplin Blasters : RHP Gary Ackerman
|
|
Pitching: RHP Bryan Kiefer
|
|
|
Batting: RHB Bryan Wheeler
|
0-0: Ball 1-0: DOUBLE (Line Drive, 9LD, EV 104.4 MPH)
|
|
Batting: RHB Salvatore Zamora
|
0-0: Ball 1-0: Ball 2-0: Foul Ball, location: 2F 2-1: Swinging Strike 2-2: Ball 3-2: Strikes out swinging
|
|
Batting: RHB Morgan Harding
|
0-0: Ball 1-0: Called Strike 1-1: Foul Ball, location: 2F 1-2: Ball 2-2: Foul Ball, location: 2F 2-2: Foul Ball, location: 2F 2-2: Foul Ball, location: 2F 2-2: Ball 3-2: Foul Ball, location: 2F 3-2: Base on Balls
|
|
Pitching: LHP Tyler Abraham
|
|
|
Batting: RHB Jerry Foster
|
0-0: Ball 1-0: Fly out, F8 (Line Drive, 8LD, EV 91.9 MPH)
|
|
Batting: RHB Bill Flannery
|
0-0: Foul Ball, location: 2F 0-1: Foul Ball, location: 2F 0-2: Foul Ball, location: 2F 0-2: Ball 1-2: Ball 2-2: DOUBLE (Flyball, 8LD, EV 92.5 MPH) Bryan Wheeler scores Morgan Harding to third Runner from 3rd tries for Home, SAFE, no throw by CF
|
|
Batting: RHB Luis Solorzano
|
0-0: Ball 1-0: Fly out, F6 (Popup, 15S, EV 81.9 MPH)
|
| Top of the 7th over - 2 runs, 2 hits, 0 errors, 1 left on base; Amarillo 7 - Joplin 7 |
| BOTTOM OF THE 7TH |
|
Joplin Blasters batting - Pitching for Amarillo ThunderHeads : RHP Bryan Bennett
|
|
Batting: RHB Bobby Matyas
|
0-0: Swinging Strike 0-1: SOLO HOME RUN (Flyball, 7D, EV 100.6 MPH), Distance : 372 ft
|
|
Batting: RHB Chance Argy
|
0-0: Called Strike 0-1: Foul Ball, location: 2F 0-2: Ball 1-2: Foul Ball, location: 2F 1-2: Fly out, F9 (Flyball, 89D, EV 110.0 MPH)
|
|
Batting: RHB Justin Goff
|
0-0: Ball 1-0: DOUBLE (Line Drive, 7LM, EV 105.0 MPH)
|
|
Batting: RHB Jason Birge
|
0-0: Called Strike 0-1: Ball 1-1: Foul Ball, location: 2F 1-2: Ball Passed Ball! Justin Goff to third 2-2: Foul Ball, location: 2F 2-2: Strikes out looking
|
|
Batting: RHB Chang-keun Baik
|
0-0: Ball 1-0: Swinging Strike 1-1: Called Strike 1-2: Fly out, F8 (Line Drive, 8RM, EV 103.8 MPH)
|
| Bottom of the 7th over - 1 run, 2 hits, 0 errors, 1 left on base; Amarillo 7 - Joplin 8 |
| TOP OF THE 8TH |
|
Amarillo ThunderHeads batting - Pitching for Joplin Blasters : LHP Tyler Abraham
|
|
Pinch Hitting: RHB Nick Solberg
|
0-0: Foul Ball, location: 2F 0-1: Fly out, F7 (Flyball, 7S, EV 85.6 MPH)
|
|
Batting: RHB Kelly Cole
|
0-0: Ground out 4-3 (Groundball, 34, EV 103.8 MPH)
|
|
Batting: SHB Tim Rogers
|
0-0: Ball 1-0: Swinging Strike 1-1: SINGLE (Groundball, 4M, EV 93.8 MPH)
|
|
Batting: RHB Bryan Wheeler
|
0-0: Foul Ball, location: 2F 0-1: Ball 1-1: Called Strike 1-2: Fly out, F4 (Popup, 4S, EV 67.5 MPH)
|
| Top of the 8th over - 0 runs, 1 hit, 0 errors, 1 left on base; Amarillo 7 - Joplin 8 |
| BOTTOM OF THE 8TH |
|
Joplin Blasters batting - Pitching for Amarillo ThunderHeads : RHP Bryan Bennett
|
|
Now at 2B: Sam Voss
|
|
|
Batting: LHB Mike Bhatti
|
0-0: Ball 1-0: Called Strike 1-1: Ball 2-1: Swinging Strike 2-2: Strikes out looking
|
|
Batting: LHB Danny Pacheco
|
0-0: Called Strike 0-1: Ball 1-1: Fly out, F7 (Line Drive, 7, EV 93.1 MPH)
|
|
Batting: SHB Ryoji Hiraoka
|
0-0: Called Strike 0-1: Ball 1-1: Called Strike 1-2: Ball 2-2: Foul Ball, location: 2F 2-2: Ball 3-2: Base on Balls
|
|
Pitching: LHP Kevin Anderson
|
|
|
Batting: LHB Josh Dalton
|
0-0: Ball Ryoji Hiraoka is caught stealing 2nd base 2-6
|
| Bottom of the 8th over - 0 runs, 0 hits, 0 errors, 0 left on base; Amarillo 7 - Joplin 8 |
| TOP OF THE 9TH |
|
Amarillo ThunderHeads batting - Pitching for Joplin Blasters : LHP Tyler Abraham
|
|
Pitching: RHP Justin Potts
|
|
|
Batting: RHB Salvatore Zamora
|
0-0: Ball 1-0: Foul Ball, location: 2F 1-1: Ball 2-1: Ball 3-1: Foul Ball, location: 2F 3-2: Foul Ball, location: 2F 3-2: Base on Balls
|
|
Batting: RHB Morgan Harding
|
0-0: Ball 1-0: Fly out, F9 (Flyball, 9, EV 81.3 MPH)
|
|
Pinch Hitting: LHB Santino Pisanello
|
0-0: Ball 1-0: Swinging Strike 1-1: Ball 2-1: Ball 3-1: Fly out, F8 (Flyball, 89M, EV 85.6 MPH)
|
|
Batting: RHB Bill Flannery
|
0-0: Called Strike 0-1: Swinging Strike 0-2: Foul Ball, location: 2F 0-2: Ball 1-2: Foul Ball, location: 2F 1-2: SINGLE (Line Drive, 6MD, EV 105.0 MPH) Salvatore Zamora to second
|
|
Pitching: RHP Greg Sell
|
|
|
Batting: RHB Luis Solorzano
|
0-0: Called Strike 0-1: SINGLE (Groundball, 4MD, EV 98.1 MPH) Salvatore Zamora to third Bill Flannery to second Runner from 3rd tries for Home, SAFE, throw by CF to home
|
|
Pinch Hitting: SHB Alfonso Chacon
|
0-0: Ball 1-0: Called Strike 1-1: Ball 2-1: Foul Ball, location: 2F 2-2: Strikes out swinging
|
| Top of the 9th over - 1 run, 2 hits, 0 errors, 2 left on base; Amarillo 8 - Joplin 8 |
| BOTTOM OF THE 9TH |
|
Joplin Blasters batting - Pitching for Amarillo ThunderHeads : LHP Kevin Anderson
|
|
Pitching: RHP Mike Osgood
|
|
|
Now at 2B: Alfonso Chacon
|
|
|
Now in LF: Kelly Cole
|
|
|
Now in CF: Santino Pisanello
|
|
|
Batting: LHB Josh Dalton
|
0-0: Called Strike 0-1: DOUBLE (Line Drive, 89XD, EV 110.0 MPH)
|
|
Batting: RHB Bobby Matyas
|
0-0: Ball 1-0: Ball 2-0: Ball 3-0: Base on Balls
|
|
Batting: RHB Chance Argy
|
0-0: Ball 1-0: Fly out, F4 (Popup, 4S, EV 83.1 MPH)
|
|
Batting: RHB Justin Goff
|
0-0: Ball 1-0: Foul Ball, location: 2F 1-1: Swinging Strike 1-2: Foul Ball, location: 2F 1-2: Foul Ball, location: 2F 1-2: Strikes out looking
|
|
Batting: RHB Jason Birge
|
0-0: Ball 1-0: Foul Ball, location: 2F 1-1: Ball 2-1: Called Strike 2-2: Ball 3-2: Strikes out swinging
|
| Bottom of the 9th over - 0 runs, 1 hit, 0 errors, 2 left on base; Amarillo 8 - Joplin 8 |
| TOP OF THE 10TH |
|
Amarillo ThunderHeads batting - Pitching for Joplin Blasters : RHP Greg Sell
|
|
Batting: RHB Kelly Cole
|
0-0: Ball 1-0: Swinging Strike 1-1: Hit by Pitch
|
|
Batting: SHB Tim Rogers
|
0-0: Called Strike 0-1: Foul Ball, location: 2F 0-2: Strikes out looking
|
|
Batting: RHB Bryan Wheeler
|
0-0: Ball 1-0: Ball Kelly Cole steals 2nd base 2-0: Called Strike 2-1: Ball 3-1: Base on Balls
|
|
Pitching: RHP Ian Current
|
|
|
Batting: RHB Salvatore Zamora
|
0-0: Ball 1-0: Ball 2-0: Swinging Strike 2-1: Foul Ball, location: 2F 2-2: Strikes out looking
|
|
Batting: RHB Morgan Harding
|
0-0: Called Strike 0-1: SINGLE (Groundball, 34D, EV 96.9 MPH) Kelly Cole to third Bryan Wheeler to second
|
|
Batting: LHB Santino Pisanello
|
0-0: SINGLE (Flyball, 3D, EV 93.8 MPH) Kelly Cole scores Bryan Wheeler to third Morgan Harding to second
|
|
Batting: RHB Bill Flannery
|
0-0: Foul Ball, location: 2F 0-1: Ball 1-1: Ball 2-1: Ball 3-1: Foul Ball, location: 2F 3-2: Foul Ball, location: 2F 3-2: Foul Ball, location: 2F 3-2: Base on Balls Bryan Wheeler scores Morgan Harding to third Santino Pisanello to second
|
|
Pitching: RHP Ryan Crump
|
|
|
Batting: RHB Luis Solorzano
|
0-0: Ball 1-0: DOUBLE (Line Drive, 7LS, EV 113.8 MPH) Morgan Harding scores Santino Pisanello scores Bill Flannery to third Runner from 3rd tries for Home, SAFE, throw by LF to home
|
|
Batting: SHB Alfonso Chacon
|
0-0: Ground out 4-3 (Groundball, 4S, EV 85.0 MPH)
|
| Top of the 10th over - 5 runs, 3 hits, 0 errors, 1 left on base; Amarillo 13 - Joplin 8 |
| BOTTOM OF THE 10TH |
|
Joplin Blasters batting - Pitching for Amarillo ThunderHeads : RHP Mike Osgood
|
|
Batting: RHB Chang-keun Baik
|
0-0: Ball 1-0: Ball 2-0: Called Strike 2-1: SINGLE (Groundball, 56D, EV 95.6 MPH)
|
|
Batting: LHB Mike Bhatti
|
0-0: Ball 1-0: Called Strike 1-1: Swinging Strike 1-2: SINGLE (Line Drive, 8RS, EV 107.5 MPH) Chang-keun Baik to second
|
|
Batting: LHB Danny Pacheco
|
0-0: Ball Wild Pitch! Chang-keun Baik to third Mike Bhatti to second 1-0: 3-RUN HOME RUN (Flyball, 7LD, EV 96.9 MPH), Distance : 342 ft
|
|
Batting: SHB Ryoji Hiraoka
|
0-0: Ball 1-0: Swinging Strike 1-1: Swinging Strike 1-2: Strikes out swinging
|
|
Batting: LHB Josh Dalton
|
0-0: Ball 1-0: Foul Ball, location: 2F 1-1: Foul Ball, location: 2F 1-2: Foul Ball, location: 2F 1-2: Strikes out looking
|
|
Batting: RHB Bobby Matyas
|
0-0: DOUBLE (Line Drive, 89XD, EV 101.9 MPH)
|
|
Pitching: RHP Javy Arias
|
|
|
Batting: RHB Chance Argy
|
0-0: Ball 1-0: Ground out 6-3 (Groundball, 6, EV 103.8 MPH)
|
| Bottom of the 10th over - 3 runs, 4 hits, 0 errors, 1 left on base; Amarillo 13 - Joplin 11 |
|